TOP OF THE 1ST |
St. Petersburg Saints batting - Pitching for Lakeland Pilots : RHP Doug Welenc
|
Pitching: RHP Doug Welenc
|
|
Batting: RHB Jeff Pyburn
|
0-0: Called Strike 0-1: Foul Ball, location: 2F 0-2: Foul Ball, location: 2F 0-2: Ball 1-2: Ground out U3 (Groundball, 3, EV 83.8 MPH)
|
Batting: LHB Al Leboeuf
|
0-0: Ball 1-0: Called Strike 1-1: SINGLE (Line Drive, 56D, EV 100.0 MPH)
|
Batting: LHB Terry Blocker
|
0-0: Ball 1-0: Swinging Strike 1-1: Fielders Choice at 2nd, 5-4 (Groundball, 56, EV 86.3 MPH)
|
Batting: RHB Rock Coyle
|
0-0: Ball Terry Blocker is caught stealing 2nd base 2-4
|
Top of the 1st over - 0 runs, 1 hit, 0 errors, 0 left on base; St. Petersburg 0 - Lakeland 0 |
BOTTOM OF THE 1ST |
Lakeland Pilots batting - Pitching for St. Petersburg Saints : RHP Tian-yun Liu
|
Pitching: RHP Tian-yun Liu
|
|
Batting: LHB Chris Stropolo
|
0-0: Called Strike 0-1: Ball 1-1: Ball 2-1: Ball 3-1: Called Strike 3-2: Foul Ball, location: 2F 3-2: Base on Balls
|
Batting: RHB Dave C Anderson
|
0-0: Ball 1-0: Foul Ball, location: 2F 1-1: Ball 2-1: Fly out, F9 (Flyball, 89D, EV 102.5 MPH)
|
Batting: SHB Mike D Young
|
0-0: Ball 1-0: Ball 2-0: Ball 3-0: Base on Balls Chris Stropolo to second
|
Batting: LHB Mike Laga
|
0-0: Called Strike Chris Stropolo steals 3rd base (no throw) Mike D Young to second 0-1: Ground out U3 (Groundball, 34S, EV 85.0 MPH) Chris Stropolo scores Mike D Young to third
|
Batting: RHB Victor Saenz
|
0-0: Ball 1-0: Foul Ball, location: 2F 1-1: Ball 2-1: Foul Ball, location: 2F 2-2: Ball 3-2: SINGLE (Line Drive, 6MD, EV 101.3 MPH) Mike D Young scores
|
Batting: RHB Kevin McGann
|
0-0: Ball 1-0: Called Strike 1-1: Ball 2-1: Called Strike 2-2: Fielders Choice at 2nd, 6-4 (Groundball, 6, EV 85.6 MPH)
|
Bottom of the 1st over - 2 runs, 1 hit, 0 errors, 1 left on base; St. Petersburg 0 - Lakeland 2 |
TOP OF THE 2ND |
St. Petersburg Saints batting - Pitching for Lakeland Pilots : RHP Doug Welenc
|
Batting: RHB Rock Coyle
|
0-0: Called Strike 0-1: Foul Ball, location: 2F 0-2: Strikes out looking
|
Batting: RHB Ric Despaux
|
0-0: Fly out, F3 (Flyball, 3D, EV 85.0 MPH)
|
Batting: RHB Jerry Johnson
|
0-0: Called Strike 0-1: Fly out, F9 (Flyball, 9LS, EV 84.4 MPH)
|
Top of the 2nd over - 0 runs, 0 hits, 0 errors, 0 left on base; St. Petersburg 0 - Lakeland 2 |
BOTTOM OF THE 2ND |
Lakeland Pilots batting - Pitching for St. Petersburg Saints : RHP Tian-yun Liu
|
Batting: LHB Dave Hudgens
|
0-0: Foul Ball, location: 2F 0-1: Foul Ball, location: 2F 0-2: Foul Ball, location: 2F 0-2: Ball 1-2: Ground out 4-3 (Groundball, 4, EV 81.3 MPH)
|
Batting: SHB Alphonso Eiland
|
0-0: Ball 1-0: Ground out 4-3 (Groundball, 34, EV 88.8 MPH)
|
Batting: RHB Dennis Delany
|
0-0: Ball 1-0: Ball 2-0: Ball 3-0: Base on Balls
|
Batting: LHB Chris Stropolo
|
0-0: Ball 1-0: Foul Ball, location: 2F 1-1: DOUBLE (Groundball, 5L, EV 94.4 MPH) Dennis Delany to third Runner from 3rd tries for Home, SAFE, no throw by LF
|
Batting: RHB Dave C Anderson
|
0-0: Ball 1-0: Ground out 4-3 (Groundball, 4M, EV 103.8 MPH)
|
Bottom of the 2nd over - 1 run, 1 hit, 0 errors, 1 left on base; St. Petersburg 0 - Lakeland 3 |
TOP OF THE 3RD |
St. Petersburg Saints batting - Pitching for Lakeland Pilots : RHP Doug Welenc
|
Batting: RHB Randy Ingle
|
0-0: Called Strike 0-1: Ball 1-1: Foul Ball, location: 2F 1-2: Foul Ball, location: 2F 1-2: SINGLE (Groundball, 6MD, EV 102.5 MPH)
|
Batting: RHB Roberto Alvarez
|
0-0: Foul Ball, location: 2F 0-1: Ball 1-1: Ball 2-1: Foul Ball, location: 2F 2-2: Fly out, F7 (Flyball, 7LM, EV 83.8 MPH)
|
Batting: RHB Pablo Carballo
|
0-0: Ball 1-0: Called Strike 1-1: Ground out 5-3 (Groundball, 56S, EV 69.4 MPH) Randy Ingle to second
|
Batting: RHB Jeff Pyburn
|
0-0: Called Strike 0-1: Swinging Strike 0-2: Foul Ball, location: 2F 0-2: SINGLE (Groundball, 56D, EV 107.5 MPH) Randy Ingle to third Runner from 3rd tries for Home, SAFE, throw by LF to home
|
Batting: LHB Al Leboeuf
|
0-0: Called Strike 0-1: Ball 1-1: Ball 2-1: Fly out, F9 (Flyball, 89S, EV 73.1 MPH)
|
Top of the 3rd over - 1 run, 2 hits, 0 errors, 1 left on base; St. Petersburg 1 - Lakeland 3 |
BOTTOM OF THE 3RD |
Lakeland Pilots batting - Pitching for St. Petersburg Saints : RHP Tian-yun Liu
|
Batting: SHB Mike D Young
|
0-0: Ball 1-0: Foul Ball, location: 2F 1-1: Foul Ball, location: 2F 1-2: Foul Ball, location: 2F 1-2: Ball 2-2: Ball 3-2: SOLO HOME RUN (Flyball, 89XD, EV 94.4 MPH), Distance : 425 ft
|
Batting: LHB Mike Laga
|
0-0: Ball 1-0: SINGLE (Flyball, 56D, EV 85.6 MPH)
|
Batting: RHB Victor Saenz
|
0-0: Ball 1-0: Ball 2-0: Ball 3-0: Called Strike 3-1: Base on Balls Mike Laga to second
|
Batting: RHB Kevin McGann
|
0-0: Ball 1-0: Ball 2-0: Ball 3-0: Base on Balls Mike Laga to third Victor Saenz to second
|
Batting: LHB Dave Hudgens
|
0-0: GRAND SLAM HOME RUN (Line Drive, 9D, EV 108.1 MPH), Distance : 395 ft
|
Pitching: RHP Richard Robinson
|
|
Batting: SHB Alphonso Eiland
|
0-0: Swinging Strike 0-1: Foul Ball, location: 2F 0-2: Foul Ball, location: 2F 0-2: Ball 1-2: Ball 2-2: Strikes out swinging
|
Pitching: RHP Michael Nedelisky
|
|
Batting: RHB Dennis Delany
|
0-0: Ball 1-0: Ball 2-0: Swinging Strike 2-1: Fly out, F9 (Flyball, 9, EV 78.1 MPH)
|
Batting: LHB Chris Stropolo
|
0-0: Ball 1-0: Ball 2-0: Swinging Strike 2-1: Foul Ball, location: 2F 2-2: SINGLE (Groundball, 4M, EV 98.1 MPH) (infield hit)
|
Batting: RHB Dave C Anderson
|
0-0: Ball 1-0: SINGLE (Flyball, 5D, EV 92.5 MPH) Chris Stropolo to second
|
Batting: SHB Mike D Young
|
0-0: Ball 1-0: Ball 2-0: Foul Ball, location: 2F 2-1: Ball 3-1: Foul Ball, location: 2F 3-2: Base on Balls Chris Stropolo to third Dave C Anderson to second
|
Batting: LHB Mike Laga
|
0-0: Fly out, F8 (Flyball, 8LD, EV 95.0 MPH)
|
Bottom of the 3rd over - 5 runs, 5 hits, 0 errors, 3 left on base; St. Petersburg 1 - Lakeland 8 |
TOP OF THE 4TH |
St. Petersburg Saints batting - Pitching for Lakeland Pilots : RHP Doug Welenc
|
Batting: LHB Terry Blocker
|
0-0: Called Strike 0-1: Called Strike 0-2: Foul Ball, location: 2F 0-2: Ball 1-2: Foul Ball, location: 2F 1-2: Foul Ball, location: 2F 1-2: Ground out U3 (Groundball, 3, EV 81.3 MPH)
|
Batting: RHB Rock Coyle
|
0-0: Called Strike 0-1: Called Strike 0-2: Ball 1-2: SINGLE (Flyball, 8LS, EV 95.6 MPH)
|
Batting: RHB Ric Despaux
|
0-0: SINGLE (Flyball, 34D, EV 90.0 MPH) Rock Coyle to second
|
Batting: RHB Jerry Johnson
|
0-0: Ball 1-0: DOUBLE (Line Drive, 3D, EV 97.5 MPH) Rock Coyle scores Ric Despaux to third Runner from 3rd tries for Home, SAFE, throw by RF to home
|
Batting: RHB Randy Ingle
|
0-0: Ball 1-0: Ball 2-0: Fly out, F7 (Flyball, 7D, EV 98.1 MPH) Runner from 2nd tags up, SAFE at 3rd, no throw by LF
|
Batting: RHB Roberto Alvarez
|
0-0: Foul Ball, location: 2F 0-1: Ball 1-1: Swinging Strike 1-2: Ball 2-2: SINGLE (Groundball, 6M, EV 92.5 MPH) (infield hit) Jerry Johnson scores
|
Batting: RHB Pablo Carballo
|
0-0: Called Strike 0-1: Swinging Strike 0-2: Foul Ball, location: 2F 0-2: Ball 1-2: Ball 2-2: Strikes out looking
|
Top of the 4th over - 3 runs, 4 hits, 0 errors, 1 left on base; St. Petersburg 4 - Lakeland 8 |
BOTTOM OF THE 4TH |
Lakeland Pilots batting - Pitching for St. Petersburg Saints : RHP Michael Nedelisky
|
Batting: RHB Victor Saenz
|
0-0: SINGLE (Groundball, 56D, EV 106.3 MPH)
|
Batting: RHB Kevin McGann
|
0-0: Foul Ball, location: 2F 0-1: Ball 1-1: Ball 2-1: Foul Ball, location: 2F 2-2: Ball 3-2: Foul Ball, location: 2F 3-2: Base on Balls Victor Saenz to second
|
Batting: LHB Dave Hudgens
|
0-0: Called Strike 0-1: Ball 1-1: Foul Ball, location: 2F 1-2: Ball 2-2: Strikes out swinging
|
Batting: SHB Alphonso Eiland
|
0-0: Called Strike 0-1: Swinging Strike 0-2: Foul Ball, location: 2F 0-2: Ball 1-2: Ball 2-2: Fielders Choice at 2nd, 3-6 (Groundball, 3, EV 77.5 MPH) Victor Saenz to third
|
Pitching: LHP James Haight
|
|
Batting: RHB Dennis Delany
|
0-0: SINGLE (Groundball, P, EV 79.4 MPH) (infield hit) Victor Saenz scores Alphonso Eiland to second
|
Batting: LHB Chris Stropolo
|
0-0: Ball 1-0: Ball 2-0: Ball 3-0: Called Strike 3-1: Base on Balls Alphonso Eiland to third Dennis Delany to second
|
Batting: RHB Dave C Anderson
|
0-0: Ball 1-0: Called Strike 1-1: Foul Ball, location: 2F 1-2: Ball 2-2: Ball 3-2: Base on Balls Alphonso Eiland scores Dennis Delany to third Chris Stropolo to second
|
Batting: SHB Mike D Young
|
0-0: Foul Ball, location: 2F 0-1: Ball 1-1: Ground out 4-3 (Groundball, 4, EV 83.8 MPH)
|
Bottom of the 4th over - 2 runs, 2 hits, 0 errors, 3 left on base; St. Petersburg 4 - Lakeland 10 |
TOP OF THE 5TH |
St. Petersburg Saints batting - Pitching for Lakeland Pilots : RHP Doug Welenc
|
Batting: RHB Jeff Pyburn
|
0-0: Ball 1-0: Swinging Strike 1-1: Swinging Strike 1-2: Ball 2-2: Foul Ball, location: 2F 2-2: Ground out 1-3 (Groundball, 13S, EV 71.3 MPH)
|
Batting: LHB Al Leboeuf
|
0-0: Foul Ball, location: 2F 0-1: Ball 1-1: Foul Ball, location: 2F 1-2: Foul Ball, location: 2F 1-2: Ball 2-2: Foul Ball, location: 2F 2-2: Foul Ball, location: 2F 2-2: Ball 3-2: Base on Balls
|
Batting: LHB Terry Blocker
|
0-0: Called Strike 0-1: Ball 1-1: Called Strike 1-2: DOUBLE (Flyball, 8RXD, EV 105.6 MPH) Al Leboeuf to third Runner from 3rd tries for Home, SAFE, throw by CF to home
|
Batting: RHB Rock Coyle
|
0-0: Ball 1-0: Ball 2-0: Fly out, F7 (Line Drive, 7D, EV 88.8 MPH)
|
Batting: RHB Ric Despaux
|
0-0: Ball 1-0: Fly out, F3 (Popup, 3SF, EV 63.8 MPH)
|
Top of the 5th over - 1 run, 1 hit, 0 errors, 1 left on base; St. Petersburg 5 - Lakeland 10 |
BOTTOM OF THE 5TH |
Lakeland Pilots batting - Pitching for St. Petersburg Saints : LHP James Haight
|
Batting: LHB Mike Laga
|
0-0: Ball 1-0: Ball 2-0: Ball 3-0: Base on Balls
|
Batting: RHB Victor Saenz
|
0-0: Called Strike 0-1: DOUBLE (Flyball, 8RXD, EV 109.4 MPH) Mike Laga to third
|
Pitching: RHP Scott Dwyer
|
|
Batting: RHB Kevin McGann
|
0-0: Ground out 4-3 (Groundball, 4M, EV 93.8 MPH) Mike Laga scores Victor Saenz to third
|
Batting: LHB Dave Hudgens
|
0-0: Called Strike 0-1: Ball 1-1: Ball 2-1: Ball 3-1: Swinging Strike 3-2: Fly out, F8 (Line Drive, 8RM, EV 90.0 MPH) Runner from 3rd tags up, SCORES, no throw by CF
|
Batting: SHB Alphonso Eiland
|
0-0: Foul Ball, location: 2F 0-1: Ball 1-1: Swinging Strike 1-2: Ball 2-2: Ball 3-2: Base on Balls
|
Batting: RHB Dennis Delany
|
0-0: Ground out 5-3 (Groundball, 56S, EV 62.5 MPH)
|
Bottom of the 5th over - 2 runs, 1 hit, 0 errors, 1 left on base; St. Petersburg 5 - Lakeland 12 |
TOP OF THE 6TH |
St. Petersburg Saints batting - Pitching for Lakeland Pilots : RHP Doug Welenc
|
Batting: RHB Jerry Johnson
|
0-0: Ball 1-0: Called Strike 1-1: Ball 2-1: Fly out, F8 (Flyball, 8LD, EV 98.8 MPH)
|
Batting: RHB Randy Ingle
|
0-0: Swinging Strike 0-1: DOUBLE (Line Drive, 9LS, EV 115.0 MPH)
|
Batting: RHB Roberto Alvarez
|
0-0: Swinging Strike 0-1: Foul Ball, location: 2F 0-2: Foul Ball, location: 2F 0-2: Ground out 6-3 (Groundball, 6, EV 88.8 MPH) Randy Ingle to third
|
Batting: RHB Pablo Carballo
|
0-0: Ball 1-0: 2-RUN HOME RUN (Flyball, 7D, EV 88.8 MPH), Distance : 372 ft
|
Pitching: RHP Don Cooper
|
|
Batting: RHB Jeff Pyburn
|
0-0: Called Strike 0-1: Foul Ball, location: 2F 0-2: Ball 1-2: Ball 2-2: SINGLE (Groundball, P, EV 77.5 MPH) (infield hit)
|
Batting: LHB Al Leboeuf
|
0-0: Ball 1-0: Called Strike 1-1: Fly out, F7 (Flyball, 78XD, EV 105.6 MPH)
|
Top of the 6th over - 2 runs, 3 hits, 0 errors, 1 left on base; St. Petersburg 7 - Lakeland 12 |
BOTTOM OF THE 6TH |
Lakeland Pilots batting - Pitching for St. Petersburg Saints : RHP Scott Dwyer
|
Batting: LHB Chris Stropolo
|
0-0: Called Strike 0-1: Ground out U3 (Groundball, 3, EV 86.3 MPH)
|
Batting: RHB Dave C Anderson
|
0-0: Ground out 4-3 (Groundball, 4, EV 97.5 MPH)
|
Batting: SHB Mike D Young
|
0-0: Called Strike 0-1: Ball 1-1: Ball 2-1: Ball 3-1: Foul Ball, location: 2F 3-2: Foul Ball, location: 2F 3-2: SINGLE (Groundball, 6M, EV 96.9 MPH)
|
Batting: LHB Mike Laga
|
0-0: Called Strike 0-1: Ball Mike D Young is caught stealing 2nd base 2-6
|
Bottom of the 6th over - 0 runs, 1 hit, 0 errors, 0 left on base; St. Petersburg 7 - Lakeland 12 |
TOP OF THE 7TH |
St. Petersburg Saints batting - Pitching for Lakeland Pilots : RHP Don Cooper
|
Batting: LHB Terry Blocker
|
0-0: Called Strike 0-1: Foul Ball, location: 2F 0-2: Ball 1-2: Ball 2-2: Foul Ball, location: 2F 2-2: SINGLE (Flyball, 7S, EV 91.3 MPH)
|
Batting: RHB Rock Coyle
|
0-0: Ball 1-0: Ball 2-0: Fielders Choice at 2nd, 5-4 (Groundball, 56, EV 76.3 MPH)
|
Batting: RHB Ric Despaux
|
0-0: SINGLE (Groundball, 34D, EV 100.6 MPH) Rock Coyle to second Runner from 2nd tries for 3rd, SAFE, throw by RF made to third
|
Batting: RHB Jerry Johnson
|
0-0: Ball 1-0: Called Strike 1-1: Ball 2-1: Foul Ball, location: 2F 2-2: Strikes out swinging
|
Batting: RHB Randy Ingle
|
0-0: Ground out U3 (Groundball, 34S, EV 89.4 MPH)
|
Top of the 7th over - 0 runs, 2 hits, 0 errors, 2 left on base; St. Petersburg 7 - Lakeland 12 |
BOTTOM OF THE 7TH |
Lakeland Pilots batting - Pitching for St. Petersburg Saints : RHP Scott Dwyer
|
Batting: LHB Mike Laga
|
0-0: Called Strike 0-1: Swinging Strike 0-2: Ball 1-2: Ground out 3-1 (Groundball, 34S, EV 87.5 MPH)
|
Batting: RHB Victor Saenz
|
0-0: Called Strike 0-1: Ball 1-1: Ground out 1-3 (Groundball, 13S, EV 69.4 MPH)
|
Pitching: RHP Edgardo Santana
|
|
Batting: RHB Kevin McGann
|
0-0: Ball 1-0: Ball 2-0: Ground out 6-3 (Groundball, 6, EV 76.3 MPH)
|
Bottom of the 7th over - 0 runs, 0 hits, 0 errors, 0 left on base; St. Petersburg 7 - Lakeland 12 |
TOP OF THE 8TH |
St. Petersburg Saints batting - Pitching for Lakeland Pilots : RHP Don Cooper
|
Batting: RHB Roberto Alvarez
|
0-0: Called Strike 0-1: Ground out 5-3 (Groundball, 15, EV 77.5 MPH)
|
Batting: RHB Pablo Carballo
|
0-0: Fly out, F5 (Popup, 5F, EV 68.1 MPH)
|
Batting: RHB Jeff Pyburn
|
0-0: Called Strike 0-1: Called Strike 0-2: Foul Ball, location: 2F 0-2: Strikes out looking
|
Top of the 8th over - 0 runs, 0 hits, 0 errors, 0 left on base; St. Petersburg 7 - Lakeland 12 |
BOTTOM OF THE 8TH |
Lakeland Pilots batting - Pitching for St. Petersburg Saints : RHP Edgardo Santana
|
Batting: LHB Dave Hudgens
|
0-0: Ball 1-0: DOUBLE (Line Drive, 78D, EV 103.8 MPH)
|
Batting: SHB Alphonso Eiland
|
0-0: Swinging Strike 0-1: Foul Ball, location: 2F 0-2: Foul Ball, location: 2F 0-2: Ball 1-2: Ball 2-2: 2-RUN HOME RUN (Flyball, 89XD, EV 99.4 MPH), Distance : 428 ft
|
Batting: RHB Dennis Delany
|
0-0: Called Strike 0-1: Called Strike 0-2: Ball 1-2: Ground out 6-3 (Groundball, 6, EV 111.3 MPH)
|
Batting: LHB Chris Stropolo
|
0-0: Called Strike 0-1: SINGLE (Groundball, 4D, EV 97.5 MPH)
|
Batting: RHB Dave C Anderson
|
0-0: Called Strike 0-1: Called Strike 0-2: Ball 1-2: Ball 2-2: Foul Ball, location: 2F 2-2: Foul Ball, location: 2F 2-2: Ball Wild Pitch! Chris Stropolo to second 3-2: Foul Ball, location: 2F 3-2: Base on Balls
|
Pinch Hitting: RHB Eugeniuo Cotes
|
0-0: Ball 1-0: Fielders Choice at 2nd, 5-4 (Groundball, 56, EV 84.4 MPH) Chris Stropolo to third
|
Pinch Hitting: LHB Robert Wing
|
0-0: Fly out, F6 (Popup, 6M, EV 55.0 MPH)
|
Bottom of the 8th over - 2 runs, 3 hits, 0 errors, 2 left on base; St. Petersburg 7 - Lakeland 14 |
TOP OF THE 9TH |
St. Petersburg Saints batting - Pitching for Lakeland Pilots : RHP Don Cooper
|
Now at 1B: Robert Wing
|
|
Now in RF: Eugeniuo Cotes
|
|
Pinch Hitting: RHB Pablo Cavallo
|
0-0: Ball 1-0: SINGLE (Line Drive, 34D, EV 100.0 MPH)
|
Pinch Hitting: RHB Bill Hill
|
0-0: Foul Ball, location: 2F 0-1: Grounds into double play, 4-6-3 (Groundball, 4, EV 104.4 MPH)
|
Pinch Hitting: LHB Thomas Langham
|
0-0: Called Strike 0-1: Ball 1-1: Ball 2-1: Swinging Strike 2-2: Strikes out swinging
|
Top of the 9th over - 0 runs, 1 hit, 0 errors, 0 left on base; St. Petersburg 7 - Lakeland 14 |
|